Map: Backcountry

Players

Johnny - Winner!

  • Race: Terran Terran
  • Spawn Location: 11:00

Homyachiy - Winner!

  • Race: Terran Terran
  • Spawn Location: 9:00

Amix - Winner!

  • Race: Zerg Zerg
  • Spawn Location: 11:00

A.I. 3 (Medium)

  • Race: Zerg Zerg
  • Spawn Location: 5:00

A.I. 4 (Elite)

  • Race: Protoss Protoss
  • Spawn Location: 5:00

A.I. 5 (Very Hard)

  • Race: Protoss Protoss
  • Spawn Location: 5:00

VOD

Have the link to the VOD?

Description

Time

  • Played on: Nov. 25, 2016, 4:56 p.m.
  • Length: 11:25
Show
View Real Time Build Order
Export as new Build Order

Johnny Terran - Winner!

Build Orders: MMM Bio 

Get SALT Encoding   

  12  0:18  SCV  
  13  0:29  Supply Depot  
  13  0:30  SCV  
  14  0:42  SCV  
  15  0:55  SCV  
  16  1:01  Barracks  
  16  1:05  Refinery  
  16  1:07  SCV  
  17  1:17  Supply Depot  
  17  1:19  SCV  
  18  1:28  Refinery  
  18  1:31  SCV  
  19  1:43  SCV  
  19  1:46  Barracks  
  20  1:55  SCV  
  21  2:01  Engineering Bay  
  21  2:11  Marine  
  22  2:17  Orbital Command  
  22  2:29  Marine  
  23  2:47  SCV  
  23  2:51  Supply Depot  
  24  2:53  Barracks Tech Lab  
  24  2:59  Marine  
  25  3:17  Marine  
  26  3:37  Supply Depot  
  26  3:38  Barracks Reactor  
  26  3:40  Marine  
  27  3:44  Command Center  
  27  3:46  Terran Infantry Weapons Level 1  
  27  3:47  Combat Shields  
  27  3:50  SCV  
  28  3:58  Marine  
  29  4:15  SCV  
  30  4:21  Marauder  
  32  4:24  Refinery  
  32  4:29  Marine x2  
  34  4:39  SCV, Factory  
  35  4:50  Marine  
  35  4:51  Refinery  
  35  4:52  Marauder, Marine  
  39  5:06  Stimpack  
  39  5:16  Orbital Command  
  39  5:25  Supply Depot  
  30  5:53  Marine x3  
  30  5:56  Factory Tech Lab  
  33  5:58  Terran Infantry Armor Level 1  
  33  6:04  Supply Depot  
  33  6:11  Marine x2, SCV  
  36  6:23  SCV  
  37  6:33  Starport  
  37  6:35  SCV  
  37  6:37  Armory, Siege Tank  
  41  6:43  Marine x3  
  44  6:47  SCV  
  45  6:59  SCV  
  45  7:01  Marine  
  47  7:10  Siege Tank  
  50  7:23  Starport Tech Lab  
  50  7:48  Marine x3  
  50  7:51  Medivac  
  55  7:58  Terran Vehicle Weapons Level 1  
  55  8:03  Thor  
  61  8:06  Marine, Terran Infantry Weapons Level 2  
  61  8:09  Marine x2  
  64  8:21  Medivac  
  66  8:38  Marine x3  
  69  8:56  Marine x3  
  72  9:14  Marine x3  
  75  9:17  Command Center  
  75  9:26  Unknown  
  75  9:31  Marine  
  75  9:32  Marine x2  
  75  9:36  Unknown  
  78  9:40  Unknown  
  78  9:44  Unknown  
  78  9:45  Thor  
  84  9:49  Marine  
  82  9:57  Medivac  
  81  10:01  Marine x2  
  81  10:06  Concussive Shells  
  83  10:07  Marine  
  83  10:09  Unknown  
  82  10:18  Marine  
  82  10:19  Marine  
  84  10:25  Marine  
  84  10:27  Thor, Medivac  
  93  10:36  Marine x2  
  95  10:43  Marine  
  96  10:54  Marine x2  
  98  11:01  Marine  
  99  11:23  Refinery  
Show
View Real Time Build Order
Export as new Build Order

Homyachiy Terran - Winner!

Build Orders: 1/1/1, Liberator Opening 

Get SALT Encoding   

  12  0:01  SCV  
  13  0:13  SCV  
  14  0:19  Supply Depot  
  14  0:25  SCV  
  15  0:29  Refinery  
  15  0:40  SCV  
  16  0:49  Barracks  
  16  0:54  Refinery  
  16  0:56  SCV  
  17  1:08  SCV  
  18  1:20  SCV  
  19  1:37  Orbital Command  
  19  1:38  Factory  
  19  1:39  Barracks Reactor  
  19  2:04  SCV  
  20  2:16  SCV  
  21  2:24  Marine  
  21  2:26  Starport  
  22  2:33  Supply Depot  
  22  2:50  Marine  
  23  2:54  Widow Mine x2  
  23  2:56  Supply Depot  
  27  3:02  Medivac  
  29  3:21  Command Center  
  29  3:25  Widow Mine x2  
  33  3:27  Barracks Tech Lab  
  33  3:44  Liberator  
  33  3:45  SCV  
  34  3:54  Barracks Reactor  
  37  4:08  Supply Depot  
  37  4:11  Supply Depot  
  37  4:12  Liberator  
  37  4:29  Siege Tank  
  43  4:47  Liberator  
  43  5:05  Siege Tank  
  43  5:06  Marine x2  
  51  5:24  Marine x2  
  53  5:37  Siege Tank  
  53  5:41  Marine  
  57  5:49  Marine  
  58  5:59  Marine  
  57  6:11  Marine  
  57  6:13  Siege Tank  
  57  6:17  Marine  
  62  6:29  Marine  
  63  6:32  Liberator  
  63  6:35  Marine  
  62  6:45  Siege Tank  
  63  6:48  Marine  
  63  6:53  Marine  
  68  7:08  Marine  
  69  7:10  Marine  
  69  7:50  Siege Tank  
  70  7:57  Marine x2  
  68  8:14  Refinery  
  68  8:15  Marine x2  
  68  8:16  Orbital Command  
  68  8:17  Refinery  
  70  8:23  Supply Depot  
  70  8:25  Supply Depot x2  
  70  8:27  Liberator  
  70  8:44  Marine x2  
  70  8:45  Siege Tank  
  77  9:00  Factory  
  77  9:02  Marine x2  
  79  9:20  Marine x2  
  78  9:38  Marine x2  
  80  9:45  Siege Tank  
  80  9:47  Factory Tech Lab  
  83  9:56  Marine x2  
  85  10:05  Liberator, Siege Tank  
  85  10:06  Liberator  
  85  10:13  Marine x2  
  87  10:24  Siege Tank  
  96  10:29  Supply Depot  
  96  10:30  Supply Depot  
  96  10:31  Marine x2  
  98  10:57  Marine  
  98  10:58  Marine  
  106  11:05  SCV  
Show
View Real Time Build Order
Export as new Build Order

Amix Zerg - Winner!

Build Orders: Hatch First 

Get SALT Encoding   

  12  0:03  Drone  
  13  0:08  Drone  
  14  0:17  Overlord  
  14  0:25  Drone, Extractor  
  15  0:35  Drone  
  15  0:39  Drone  
  17  0:56  Drone  
  18  0:59  Extractor  
  18  1:01  Hatchery  
  18  1:02  Drone  
  17  1:14  Drone  
  18  1:22  Spawning Pool  
  18  1:24  Drone  
  18  1:30  Drone  
  19  1:40  Drone  
  21  1:54  Drone  
  21  2:02  Drone  
  22  2:12  Queen x2  
  22  2:13  Roach Warren  
  22  2:14  Drone  
  26  2:16  Drone  
  27  2:23  Overlord  
  27  2:28  Drone  
  28  2:38  Overlord x2  
  28  2:45  Drone x2  
  30  2:55  Drone  
  30  2:56  Drone  
  32  3:01  Lair  
  32  3:06  Drone  
  32  3:07  Drone  
  34  3:16  Drone  
  34  3:17  Drone  
  34  3:19  Drone  
  37  3:23  Drone x3  
  37  3:24  Drone x2  
  42  3:29  Overlord  
  42  3:32  Drone  
  43  3:39  Evolution Chamber  
  43  3:40  Extractor  
  43  3:41  Roach  
  43  3:42  Evolution Chamber  
  43  3:44  Drone  
  43  3:57  Drone x3  
  43  3:58  Drone  
  43  4:01  Drone x2  
  43  4:02  Drone x2  
  51  4:04  Queen  
  51  4:05  Queen  
  51  4:08  Zerg Missile Weapons Level 1  
  55  4:13  Roach  
  57  4:23  Roach  
  59  4:25  Overlord x3  
  59  4:30  Extractor  
  58  4:34  Extractor  
  57  4:40  Zerg Ground Armor Level 1  
  57  4:48  Roach x5  
  57  4:49  Roach  
  69  5:01  Roach x3  
  69  5:02  Roach x2  
  69  5:03  Overlord x3  
  79  5:18  Roach x2  
  79  5:19  Overseer  
  67  5:58  Roach x8  
  67  5:59  Roach x2, Queen x2  
  91  6:12  Infestation Pit  
  90  6:19  Zerg Missile Weapons Level 2, Hatchery x2  
  90  6:25  Drone x2  
  90  6:45  Roach  
  90  6:46  Roach x8  
  90  6:47  Overlord  
  108  6:56  Overseer  
  108  6:57  Overseer  
  108  7:00  Overlord  
  108  7:01  Overlord x4  
  110  7:30  Roach x7  
  110  7:31  Roach  
  112  8:49  Zerg Ground Armor Level 2  
  112  8:52  Hive  
  112  8:56  Drone x11  
  123  9:05  Queen  
  123  9:06  Queen  
  123  10:52  Roach  
  123  10:53  Roach x17  
Show
View Real Time Build Order
Export as new Build Order

A.I. 3 (Medium) Zerg 

Build Orders: Pool First 

Get SALT Encoding   

  12  0:01  Drone  
  13  0:12  Overlord  
  13  0:17  Drone  
  14  0:30  Drone  
  14  0:33  Drone  
  16  0:44  Spawning Pool  
  16  0:46  Drone  
  16  0:50  Drone  
  16  0:53  Extractor  
  16  0:56  Drone  
  17  1:06  Overlord  
  17  1:31  Zergling x2  
  17  1:32  Queen  
  20  1:38  Drone  
  20  1:39  Roach Warren  
  20  1:40  Zergling x2, Extractor  
  20  1:49  Drone  
  21  2:00  Drone  
  22  2:10  Overlord  
  22  2:21  Roach  
  24  2:30  Baneling Nest  
  24  2:32  Drone  
  24  2:39  Drone  
  24  2:40  Roach, Evolution Chamber  
  24  2:43  Drone  
  27  2:48  Drone  
  27  2:49  Ravager  
  29  2:56  Roach  
  31  3:05  Overlord  
  31  3:06  Ravager  
  31  3:12  Roach  
  34  3:14  Drone  
  34  3:19  Drone  
  36  3:22  Drone  
  37  3:29  Drone  
  38  4:20  Zergling x2  
  38  4:56  Overlord, Lair  
  38  4:57  Drone, Roach  
  38  4:59  Spore Crawler  
  34  5:00  Drone  
  34  5:02  Spore Crawler  
  34  5:03  Drone  
  34  5:06  Drone  
  36  5:09  Drone, Roach  
  40  5:14  Drone  
  40  5:18  Drone  
  40  5:20  Overlord  
  40  5:21  Roach  
  43  5:24  Drone  
  38  5:32  Drone  
  32  5:43  Drone  
  32  5:48  Hatchery  
  32  5:49  Zergling x2  
  28  5:54  Overseer  
  28  5:55  Overseer  
  28  6:00  Hydralisk Den  
  22  6:19  Drone  
  22  6:22  Drone  
  22  6:23  Roach  
  26  6:29  Drone  
  27  6:34  Hydralisk  
  27  6:37  Drone  
  30  6:43  Drone  
  30  6:45  Hydralisk  
  33  6:55  Drone  
  33  6:58  Drone  
  35  7:01  Drone  
  35  7:04  Drone  
  37  7:09  Drone  
  38  7:17  Drone  
  39  7:25  Drone  
  39  7:29  Drone  
  41  7:33  Drone  
  41  7:36  Drone  
  43  7:40  Drone  
  43  7:43  Drone  
  45  7:46  Drone  
  45  7:50  Drone  
  44  7:51  Zergling x2  
  35  8:03  Roach  
  37  8:09  Drone  
  37  8:12  Drone  
  39  8:14  Hydralisk  
  39  8:15  Drone  
  39  8:18  Drone  
  43  8:21  Drone  
  43  8:24  Drone  
  43  8:25  Hydralisk  
  47  8:28  Drone  
  47  8:31  Drone  
  48  8:34  Drone  
  48  8:36  Overlord  
  48  8:37  Roach  
  50  8:43  Drone  
  50  8:47  Drone  
  47  8:54  Drone  
  46  8:58  Drone  
  46  9:01  Drone, Roach  
  49  9:04  Drone  
  49  9:08  Roach, Evolution Chamber  
  51  9:11  Infestation Pit  
  51  9:14  Pneumatized Carapace  
  51  9:15  Roach  
  52  9:21  Queen  
  52  9:22  Zergling x2  
  51  9:30  Zergling x2  
  41  9:33  Overseer  
  41  9:37  Roach  
  33  9:38  Overseer  
  33  9:42  Drone  
  33  9:44  Zergling x2  
  33  9:45  Drone  
  30  9:49  Overlord  
  30  9:52  Zergling x2  
  20  10:12  Spawning Pool  
  9  10:27  Drone  
  5  10:33  Drone  
Show
View Real Time Build Order
Export as new Build Order

A.I. 4 (Elite) Protoss 

Build Orders: Zealot Archon 

Get SALT Encoding   

  12  0:01  Probe (Chrono Boost)  
  13  0:12  Probe (Chrono Boost)  
  14  0:20  Pylon  
  14  0:22  Probe (Chrono Boost)  
  15  0:38  Probe (Chrono Boost)  
  16  0:46  Assimilator  
  16  0:49  Probe (Chrono Boost)  
  17  0:51  Gateway  
  17  0:59  Probe (Chrono Boost)  
  17  1:00  Pylon  
  18  1:10  Probe (Chrono Boost)  
  19  1:20  Probe (Chrono Boost)  
  20  1:31  Probe (Chrono Boost)  
  21  1:37  Zealot  
  21  1:38  Gateway  
  23  1:41  Cybernetics Core  
  23  1:43  Probe (Chrono Boost)  
  24  1:50  Pylon  
  25  1:54  Probe (Chrono Boost)  
  25  2:02  Zealot  
  25  2:04  Assimilator  
  27  2:10  Probe (Chrono Boost)  
  27  2:11  Warp Gate  
  28  2:22  Probe (Chrono Boost)  
  29  2:24  Adept  
  29  2:28  Adept  
  33  2:40  Robotics Facility  
  33  2:42  Probe (Chrono Boost)  
  34  2:51  Adept  
  34  2:54  Adept  
  38  3:04  Probe (Chrono Boost)  
  39  3:06  Pylon  
  39  3:22  Adept  
  39  3:24  Sentry  
  43  3:28  Immortal  
  47  3:40  Pylon  
  47  3:56  Stalker  
  47  3:57  Stalker  
  47  3:58  Pylon  
  51  4:06  Immortal  
  55  4:16  Pylon  
  55  4:24  Twilight Council  
  55  4:33  Adept  
  50  4:56  Probe (Chrono Boost)  
  51  5:05  Templar Archives  
  51  5:06  Probe (Chrono Boost)  
  52  5:17  Probe (Chrono Boost)  
  48  5:27  Probe (Chrono Boost)  
  49  5:38  Probe (Chrono Boost)  
  49  5:41  High Templar  
  51  5:50  Probe (Chrono Boost)  
  51  5:51  High Templar  
  53  6:01  Probe (Chrono Boost)  
  54  6:05  Observer  
  54  6:06  Gateway  
  55  6:12  Zealot, Archon  
  55  6:13  Probe (Chrono Boost)  
  53  6:20  Nexus  
  53  6:25  Probe (Chrono Boost)  
  54  6:27  Zealot  
  56  6:36  Probe (Chrono Boost)  
  57  6:40  High Templar  
  60  6:47  Probe (Chrono Boost)  
  60  6:59  Probe (Chrono Boost)  
  61  7:01  High Templar  
  63  7:11  Probe (Chrono Boost)  
  64  7:19  Stalker, Pylon  
  66  7:27  Archon  
  66  7:38  High Templar  
  66  7:41  Probe (Chrono Boost)  
  66  7:43  Pylon  
  65  7:53  Probe (Chrono Boost)  
  66  8:07  High Templar  
  66  8:11  Zealot  
  70  8:15  Stalker  
  70  8:19  Archon  
  66  8:30  Nexus  
  38  8:44  High Templar  
  36  9:09  High Templar  
  37  9:31  High Templar  
  37  9:37  Zealot  
  41  9:39  Archon  
  41  9:41  Pylon  
  41  9:43  Probe (Chrono Boost)  
  41  9:44  Probe (Chrono Boost)  
  38  9:54  Probe (Chrono Boost)  
  38  9:56  Stalker  
  35  10:02  Assimilator  
  24  10:08  Zealot  
  19  10:17  Zealot  
  19  10:26  Zealot  
  19  10:27  Zealot  
  19  10:28  Probe (Chrono Boost)  
  18  10:37  Probe (Chrono Boost)  
Show
View Real Time Build Order
Export as new Build Order

A.I. 5 (Very Hard) Protoss 

Build Orders:  

Get SALT Encoding   

  12  0:01  Probe (Chrono Boost)  
  13  0:12  Probe (Chrono Boost)  
  14  0:20  Pylon  
  14  0:22  Probe (Chrono Boost)  
  15  0:38  Probe (Chrono Boost)  
  16  0:47  Assimilator  
  16  0:49  Probe (Chrono Boost)  
  17  0:51  Gateway  
  17  0:59  Probe (Chrono Boost), Pylon  
  18  1:10  Probe (Chrono Boost)  
  19  1:20  Probe (Chrono Boost)  
  20  1:31  Probe (Chrono Boost)  
  21  1:38  Zealot  
  23  1:41  Cybernetics Core  
  23  1:42  Probe (Chrono Boost)  
  24  1:53  Probe (Chrono Boost)  
  25  2:01  Nexus  
  25  2:14  Gateway  
  25  2:21  Zealot, Pylon  
  25  2:25  Warp Gate  
  25  2:27  Probe (Chrono Boost)  
  28  2:39  Probe (Chrono Boost), Assimilator  
  29  2:47  Adept  
  29  2:50  Probe (Chrono Boost)  
  32  2:59  Adept  
  32  3:02  Probe (Chrono Boost)  
  35  3:05  Pylon  
  35  3:13  Adept  
  35  3:14  Probe (Chrono Boost)  
  38  3:24  Sentry  
  40  3:29  Probe (Chrono Boost)  
  40  3:31  Probe (Chrono Boost)  
  42  3:38  Stalker  
  42  3:40  Probe (Chrono Boost)  
  45  3:43  Probe (Chrono Boost)  
  45  3:47  Robotics Facility  
  46  3:51  Probe (Chrono Boost)  
  46  3:53  Adept  
  46  3:55  Probe (Chrono Boost)  
  50  4:02  Probe (Chrono Boost)  
  51  4:06  Probe (Chrono Boost)  
  51  4:08  Adept  
  54  4:14  Probe (Chrono Boost)  
  56  4:17  Probe (Chrono Boost)  
  56  4:20  Pylon  
  56  4:25  Probe (Chrono Boost)  
  56  4:28  Probe (Chrono Boost)  
  58  4:32  Immortal  
  58  4:34  Forge  
  56  4:46  Probe (Chrono Boost)  
  56  4:48  Probe (Chrono Boost)  
  58  4:57  Probe (Chrono Boost)  
  58  4:59  Probe (Chrono Boost)  
  60  5:00  Stalker  
  57  5:09  Observer, Probe (Chrono Boost), Pylon  
  57  5:10  Probe (Chrono Boost)  
  57  5:12  Photon Cannon  
  54  5:14  Photon Cannon  
  54  5:20  Probe (Chrono Boost)  
  56  5:21  Probe (Chrono Boost)  
  56  5:26  Twilight Council  
  56  5:31  Probe (Chrono Boost)  
  56  5:32  Probe (Chrono Boost)  
  54  5:41  Probe (Chrono Boost)  
  54  5:42  Probe (Chrono Boost)  
  41  5:48  Zealot  
  37  5:52  Probe (Chrono Boost)  
  32  6:05  Adept  
  32  6:07  Templar Archives  
  32  6:15  Stalker  
  33  6:23  Zealot  
  33  6:25  Probe (Chrono Boost)  
  36  6:27  Probe (Chrono Boost)  
  37  6:36  Stalker  
  37  6:37  Probe (Chrono Boost)  
  37  6:38  Probe (Chrono Boost)  
  38  6:42  Stalker  
  37  6:48  Probe (Chrono Boost)  
  34  6:57  Stalker  
  30  7:03  High Templar  
  30  7:06  Probe (Chrono Boost)  
  29  7:10  Probe (Chrono Boost)  
  26  7:17  Probe (Chrono Boost)  
  26  7:18  Adept  
  26  7:21  Probe (Chrono Boost)  
  25  7:32  High Templar  
  26  7:37  Stalker  
  26  7:38  Probe (Chrono Boost)  
  20  7:51  Probe (Chrono Boost)  
  20  7:59  Zealot  
  20  8:07  High Templar  
  11  8:18  Probe (Chrono Boost)  
  6  8:29  Probe (Chrono Boost)  
Tags
 
Add a new tag
Caveats
  • Supply blocks, unpowered buildings, or Contaminate may cause inaccurate times.
  • Supply counts are checked every 10 seconds.